 Dungeon Crawl Stone Soup version 0.28-a0-664-gc179e30c89 (webtiles) character file.

Game seed: 17778896258850682847

30 DungeonMaster the Digger (level 3, 28/28 HPs)
             Began as a Demonspawn Wanderer on Oct 16, 2021.
             Quit the game on level 2 of the Dungeon.
             The game lasted 00:01:22 (996 turns).

DungeonMaster the Digger (Demonspawn Wanderer)       Turns: 996, Time: 00:01:22

Health: 28/28      AC: 10    Str: 13    XL:     3   Next: 3%
Magic:  4/4        EV:  5    Int: 16    God:
Gold:   65         SH:  0    Dex:  9    Spells: 4/4 levels left

rFire   . . .      SeeInvis +   a - +2 quarterstaff
rCold   . . .      Faith    .   (shield currently unavailable)
rNeg    . . .      Spirit   .   d - +0 chain mail
rPois   .          Reflect  .   (helmet restricted)
rElec   .          Harm     .   (no cloak)
rCorr   .          Rampage  .   (no gloves)
Will    .....                   (no boots)
Stlth   ..........              (no amulet)
HPRegen 0.09/turn               e - ring of see invisible
MPRegen 0.09/turn               (no ring)

@: no status effects
A: antennae 1, thin metallic scales 1
a: no special abilities


You were on level 2 of the Dungeon.
You visited 1 branch of the dungeon, and saw 2 of its levels.

You collected 65 gold pieces.

Inventory:

Hand Weapons
 a - a +2 quarterstaff (weapon)
Missiles
 c - 6 boomerangs (quivered)
 f - 35 poisoned darts
 g - 27 stones
Armour
 b - a +0 robe
 d - a +0 chain mail (worn)
Jewellery
 e - a ring of see invisible (left hand)
Scrolls
 h - a scroll of blinking {unknown}
Potions
 i - a potion of flight {unknown}
 j - a potion of mutation {unknown}
 k - a potion of brilliance {unknown}


   Skills:
 * Level 2.6 Fighting
 - Level 1.0 Staves
 - Level 1.0 Throwing
 * Level 1.1 Armour
 * Level 1.3 Dodging
 - Level 1.0 Spellcasting
 - Level 1.0 Translocations
 - Level 2.6 Earth Magic
 - Level 1.0 Evocations


You had 4 spell levels left.
You didn't know any spells.
Your spell library contained the following spells:

 Spells                   Type           Power      Damage    Failure   Level
 Apportation              Tloc           8%         N/A       99%         1
 Foxfire                  Conj/Fire      0%         2x1d4     100%        1
 Summon Small Mammal      Summ           0%         N/A       100%        1
 Call Canine Familiar     Summ           0%         N/A       100%        3
 Gell's Gravitas          Tloc           2%         N/A       100%        3
 Inner Flame              Hex/Fire       0%         N/A       100%        3
 Summon Guardian Golem    Hex/Summ       0%         N/A       100%        3


Dungeon Overview and Level Annotations

Branches:
Dungeon (2/15)

Altars:
Cheibriados


Innate Abilities, Weirdness & Mutations

You have a pair of small antennae on your head.
You are partially covered in thin metallic scales. (AC +2)


Message History

No target in view!
You see here a giant cockroach corpse.
You now have 55 gold pieces (gained 4).
A ball python comes into view.
The ball python hisses angrily.
You see here 10 gold pieces.
The ball python bites you but does no damage.
The ball python grabs you. The ball python constricts you.
You sock the ball python!
You kill the ball python!
Your Armour skill increases to level 1!
No target in view!
No target in view!
No target in view!
No target in view!
No target in view!
No target in view!
No target in view!
No target in view!
No target in view!
No target in view!
No target in view!
g - 27 stones (gained 23)
You now have 65 gold pieces (gained 10).
You open the door.
An adder comes into view.
There is an open door here.
You closely miss the adder. The adder bites you but does no damage.
You hit the adder but do no damage.
The adder bites you but does no damage. x2
You hit the adder.
The adder is moderately wounded.
The adder bites you but does no damage. x2
You sock the adder!
You kill the adder!
You have reached level 3!
Your experience leads to an increase in your attributes!
Increase (s)trength, (i)ntelligence, or (d)exterity?
You feel clever.
Your demonic ancestry asserts itself...
A pair of antennae grows on your head!
Are you sure you want to abandon this character and quit the game? (Confirm with "yes".)

### #.>.....+ ...
#.......# #.#
+.......# #.###
#.......###.#..
.......+.#.#.#
.....#.#†#.# #
#+#+#..#.#@#.# #.
#.#.#....#'#.##
#.#####.#.#..##†....#
#.............+.....+
###..........##.....#
.......).........#..#
##..#######.######.##
#..# .... ... #..#
#.### #.##


There were no monsters in sight!

Vanquished Creatures
  An adder (D:2)
  An endoplasm (D:1)
  2 giant cockroaches
  A goblin (D:1)
  4 hobgoblins
  3 kobolds (D:1)
  2 quokkas (D:1)
  4 ball pythons
18 creatures vanquished.

Notes
Turn   | Place    | Note
-------+----------+-------------------------------------------
     0 | D:1      | DungeonMaster the Demonspawn Wanderer began the quest for
                  | the Orb.
     0 | D:1      | DungeonMaster set off with the following items: a +2
                  | quarterstaff, a +0 robe; and the following spells available
                  | to memorise: Apportation, Foxfire, Gell's Gravitas, Inner
                  | Flame
     0 | D:1      | Reached XP level 1. HP: 16/16 MP: 2/2
   277 | D:1      | Gained mutation: You are partially covered in thin metallic
                  | scales. (AC +2) [demonic ancestry]
   277 | D:1      | Reached XP level 2. HP: 20/22 MP: 3/3
   643 | D:1      | Reached skill level 1 in Dodging
   857 | D:1      | Found a snail-covered altar of Cheibriados.
   985 | D:2      | Reached skill level 1 in Armour
   996 | D:2      | Gained mutation: You have a pair of small antennae on your
                  | head. [demonic ancestry]
   996 | D:2      | Reached XP level 3. HP: 28/28 MP: 4/4
   996 | D:2      | Quit the game

Illustrated notes

Levels and vault maps discovered:
D:1:      dpeg_arrival_lava_altar, layout_loops_cross
D:2:      layout_basic

Skill      XL: |  1  2 |
---------------+-------+-----
Dodging        | 1 |  1.3
Armour         | 1 |  1.1
Fighting       | |  2.6
Staves         | |  1.0
Throwing       | |  1.0
Spellcasting   | |  1.0
Translocations | |  1.0
Earth Magic    | |  2.6
Evocations     | |  1.0

Action                   || total
-------------------------++-------
Melee: Quarterstaff      ||    40
Armor: Chain mail        ||    29
Dodge: Dodged            ||     7

Table legend: (Time is in decaauts)
 A = Elapsed time spent in this place.
 B = Non-inter-level travel time spent in this place.
 C = Inter-level travel time spent in this place.
 D = Time resting spent in this place.
 E = Time spent auto-exploring this place.
 F = Levels seen in this place.
 G = Mean time per level.
                   A        B        C        D        E       F      G
               +--------+--------+--------+--------+--------+-----+--------+
         Total |   1005 |    965 |     40 |     20 |    815 |   2 |  502.5 |
       Dungeon |   1005 |    965 |     40 |     20 |    815 |   2 |  502.5 |
               +--------+--------+--------+--------+--------+-----+--------+

Top non-repeatable levels by time:
     D:1: 904 daAuts
     D:2: 100 daAuts
